 Dungeon Crawl Stone Soup version 0.17.1-2-g5865329 (webtiles) character file.

105 Metrazal the Sneak (level 4, -8/22 HPs)
             Began as a Spriggan Assassin on Feb 7, 2016.
             Engulfed by a cloud of flame (12 damage)
             ... on level 4 of the Dungeon.
             The game lasted 00:25:44 (2838 turns).

Metrazal the Sneak (Spriggan Assassin)              Turns: 2838, Time: 00:25:44

Health: -8/22      AC:  3    Str:  7    XL:     4   Next: 54%
Magic:  4/5        EV: 20    Int: 12    God:
Gold:   134        SH:  0    Dex: 18    Spells: 0 memorised, 3 levels left

rFire  . . .     SeeInvis +     b - +0 blowgun
rCold  . . .     Clarity  .     c - +0 robe
rNeg   . . .     SustAt   .     (shield restricted)
rPois  .         Gourm    .     (helmet restricted)
rElec  .         Spirit   .     d - +0 cloak
rCorr  .         Warding  .     (gloves unavailable)
rMut   .         Stasis   +     (boots unavailable)
MR     +....                    x - amulet of stasis
Stlth  ++++......               u - ring of flight
                                p - ring of protection from magic

@: flying, very quick, somewhat resistant to hostile enchantments, stealthy
A: unfitting armour, see invisible, herbivore 3, speed 3, slow metabolism 2
a: Stop Flying


You were on level 4 of the Dungeon.
You were not hungry.

You visited 1 branch of the dungeon, and saw 4 of its levels.

You collected 134 gold pieces.

Inventory:

Hand Weapons
 a - a +2 dagger
 b - a +0 blowgun (weapon)
Missiles
 e - 27 poisoned needles (quivered)
 f - 2 curare-tipped needles
 h - 64 arrows
 l - 106 stones
 q - 20 sling bullets
Armour
 c - a +0 robe (worn)
 d - a +0 cloak (worn)
Jewellery
 p - a ring of protection from magic (left hand)
 u - a ring of flight (right hand)
 w - a +3 ring of intelligence
 x - an amulet of stasis (around neck)
 B - an uncursed ring of see invisible
Scrolls
 i - 3 scrolls of magic mapping
 m - 4 scrolls of identify
 n - 3 scrolls of remove curse
 o - a scroll of fear {unknown}
 y - a scroll of noise {unknown}
 z - a scroll of amnesia {unknown}
Potions
 j - a potion of heal wounds {unknown}
 k - 2 potions of agility {unknown}
 r - a potion of ambrosia {unknown}
 s - a potion of haste {unknown}
 t - a potion of brilliance {unknown}
 v - 4 potions of magic {unknown}
 A - a potion of curing {unknown}
Comestibles
 g - 4 bread rations


   Skills:
 - Level 1.5 Fighting
 - Level 2.1 Short Blades
 - Level 2.0 Throwing
 + Level 4.4 Dodging
 + Level 7.9 Stealth


You had 3 spell levels left.
You didn't know any spells.

Dungeon Overview and Level Annotations

Branches:
Dungeon (4/15)
 Temple: D:4-7

Altars:
Kikubaaqudgha


Innate Abilities, Weirdness & Mutations

You are tiny and cannot use many weapons and most armour.
You have supernaturally acute eyesight.
You are a herbivore.
You cover ground extremely quickly.
You need consume almost no food.


Message History

Found a meat ration.
You're wearing all the rings you can.
Remove which one? (? for menu, Esc to cancel) < or
p - a ring of protection from magic > or
B - a ring of see invisible You remove your ring of see invisible.
u - a ring of flight (right hand)
You feel very buoyant.
You fly up into the air.
You feel somewhat more hungry.
Really fly into a travel-excluded area?
Uppercase [Y]es or [N]o only, please.
Really fly into a travel-excluded area?
Found a robe.
Really fly into that cloud of flame?
You are engulfed in roaring flames.
You are engulfed in roaring flames.
* * * LOW HITPOINT WARNING * * *
You are engulfed in roaring flames.
Ouch! That really hurt!
You die...

#<# #.# #.# #.# ##
#.###.### .# ........#
§§# #.###.#.###### §§#
#.##..#......# §§§#
#.....######.#####...###
#.##..# #..§§§.??[.§§
####..# #..§§@..%..§§
......# ##.§§§.$$..§§
####.## ######...### #.#
§§§# #.# §§# #.# §§# #.#
.# #.# .. ####.#


There were no monsters in sight!

Vanquished Creatures
  4 adders
  An ooze (D:2)
  3 worms
  5 giant geckos
  4 giant cockroaches
  6 goblins
  4 hobgoblins
  6 jackals
  4 kobolds
  3 quokkas
  3 bats
  4 giant newts
  8 rats
55 creatures vanquished.

Notes
Turn   | Place    | Note
--------------------------------------------------------------
     0 | D:1      | Metrazal the Spriggan Assassin began the quest for the Orb.
     0 | D:1      | Reached XP level 1. HP: 10/10 MP: 2/2
   100 | D:1      | Reached skill level 6 in Stealth
   214 | D:1      | Reached XP level 2. HP: 14/14 MP: 3/3
   786 | D:2      | Reached skill level 7 in Stealth
   786 | D:2      | Reached XP level 3. HP: 14/18 MP: 4/4
  1308 | D:2      | Found an ancient bone altar of Kikubaaqudgha.
  1681 | D:2      | Reached XP level 4. HP: 22/22 MP: 5/5
  1795 | D:2      | Found a faded altar to an unknown god.
  2838 | D:4      | Engulfed by a cloud of flame

Action                   |  1- 3 |  4- 6 || total
-------------------------+-------+-------++-------
Melee: Dagger            |    44 |    26 ||    70
 Fire: Blowgun           |    41 |    20 ||    61
Throw: Stone             |    42 |    28 ||    70
 Abil: Evoke Flight      |       |     1 ||     1
  Use: Scroll            |       |     3 ||     3
 Stab: Sleeping          |    22 |    12 ||    34
       Distracted        |     2 |       ||     2
